 Dungeon Crawl Stone Soup version 0.24.0-13-gcf9b319 (webtiles) character file.

Game seed: 8464081741697402101, levelgen mode: deterministic

95 Bronimir the Chopper (level 4, 0/40 HPs)
             Began as a Hill Orc Monk on Mar 14, 2020.
             Slain by a hobgoblin
             ... wielding a +0 club
              (1 damage)
             ... on level 2 of the Dungeon.
             The game lasted 00:02:54 (1320 turns).

Bronimir the Chopper (Hill Orc Monk)                Turns: 1320, Time: 00:02:55

Health: 0/40       AC:  5    Str:  9 (11) XL:     4   Next: 65%
Magic:  4/4        EV: 16    Int:  9 (10) God:
Gold:   121        SH:  0    Dex: 16 (18) Spells: 3/3 levels left

rFire    . . .     SeeInvis .   a - +0 hand axe
rCold    . . .     Gourm    .   (no shield)
rNeg     . . .     Faith    .   e - +0 ring mail
rPois    .         Spirit   .   (no helmet)
rElec    .         Reflect  .   (no cloak)
rCorr    .         Harm     .   (no gloves)
MR       .....                  (no boots)
Stlth    ++........             (no amulet)
HPRegen  0.13/turn              m - -3 ring of strength (curse)
MPRegen  0.09/turn              (no ring)

@: agile, lethally poisoned (0 -> -2), very slightly contaminated, hasted, very
quick
A: no striking features
a: no special abilities


You were on level 2 of the Dungeon.
You were very hungry.

You visited 1 branch of the dungeon, and saw 2 of its levels.

You collected 121 gold pieces.

Inventory:

Hand Weapons
 a - a +0 hand axe (weapon)
Missiles
 d - 130 stones (quivered)
 n - 43 arrows
Armour
 b - a +0 robe
 e - a +0 ring mail (worn)
Jewellery
 g - an uncursed ring of see invisible
 m - a cursed -3 ring of strength (left hand)
Scrolls
 f - 7 scrolls of identify
 i - 2 scrolls of noise {unknown}
 o - a scroll of remove curse {unknown}
Comestibles
 c - a ration


   Skills:
 + Level 4.1 Fighting
 * Level 5.8 Axes
 * Level 1.7 Armour
 + Level 2.7 Dodging
 - Level 1.5 Stealth


You had 3 spell levels left.
You didn't know any spells.
Your spell library was empty.

Dungeon Overview and Level Annotations

Branches:
Dungeon (2/15)

Altars:
Makhleb
Zin


Message History

* * * LOW HITPOINT WARNING * * *
You feel agile all of a sudden.
Blink to where?
Press: ? - help, Dir - move target cursor You are very lightly contaminated with residual magic.
As you read the scroll of blinking, it crumbles to dust.
* * * LOW HITPOINT WARNING * * *
You feel sick.
Unknown command.
You hit the dart slug.
The dart slug is heavily wounded.
You hit the hobgoblin but do no damage. The dart slug completely misses you.
You hit the dart slug.
The dart slug is severely wounded.
You closely miss the hobgoblin.
The hobgoblin hits you but does no damage.
You hit the dart slug.
You kill the dart slug!
You hit the hobgoblin. The hobgoblin hits you with a +0 club.
You die...

........#..####..
#.......##..##
#....<.......###.
#...............#
#.........#####.#
#.....".†)# #
#....=....#
#......gg.#
#......@##.
#####...# #
#..##. .... #.
....# .. .... .#
... ## ..


You could see a hobgoblin and a goblin.

Vanquished Creatures
  An adder (D:2)
  3 gnolls (D:2)
  3 dart slugs
  4 leopard geckos
  An orc (D:2)
  6 bats
  5 giant cockroaches
  4 goblins
  4 hobgoblins
  5 kobolds
  A ball python (D:1)
  A quokka skeleton (D:2)
  6 rats
44 creatures vanquished.

Notes
Turn   | Place    | Note
-------+----------+-------------------------------------------
     0 | D:1      | Bronimir the Hill Orc Monk began the quest for the Orb.
     0 | D:1      | Reached XP level 1. HP: 19/19 MP: 1/1
   252 | D:1      | Reached XP level 2. HP: 25/27 MP: 2/2
   619 | D:1      | Reached XP level 3. HP: 27/33 MP: 3/3
   841 | D:2      | Reached skill level 5 in Axes
   931 | D:2      | Found a burning altar of Makhleb.
   949 | D:2      | Found a glowing silver altar of Zin.
   950 | D:2      | Noticed an angel
   950 | D:2      | Noticed a green death
  1015 | D:2      | Reached skill level 1 in Armour
  1031 | D:2      | Reached XP level 4. HP: 17/40 MP: 4/4
  1315 | D:2      | HP: 1/40 [goblin/+3 dagger (5)]
  1320 | D:2      | Slain by a hobgoblin

Levels and vault maps discovered:
D:1:      nzn_arrival_depleted_hourglass, layout_basic
D:2:      layout_basic, grunt_temple_overflow_order_and_chaos_2, minmay_vboxes

Skill      XL: |  1  2  3 |
---------------+----------+-----
Axes           | 5 |  5.8
Fighting       | 4 |  4.1
Armour         | 1 |  1.7
Dodging        | |  2.7
Stealth        | |  1.5

Action                   |  1- 3 |  4- 6 || total
-------------------------+-------+-------++-------
Melee: Hand axe          |   122 |    37 ||   159
  Use: Scroll            |     4 |     1 ||     5
       Potion            |       |     3 ||     3
 Stab: Sleeping          |     2 |       ||     2
Armor: Ring mail         |    47 |    14 ||    61
Dodge: Dodged            |    88 |    18 ||   106
